 Dungeon Crawl Stone Soup version 0.22-a0-614-g34fbaa0 (console) character file.

2492 vegansnacktivist the Covert (level 9, -2/41 HPs)
             Began as a Felid Transmuter on July 20, 2018.
             Was a Believer of Dithmenos.
             Slain by a two-headed ogre
             ... wielding a +0 dire flail
              (19 damage)
             ... on level 8 of the Dungeon.
             The game lasted 00:25:17 (10355 turns).

vegansnacktivist the Covert (Felid Transmuter)     Turns: 10355, Time: 00:25:17

Health: -2/41      AC:  4    Str:  9    XL:     9   Next: 27%
Magic:  13/13      EV: 22    Int: 14    God:    Dithmenos [**....]
Gold:   196        SH:  0    Dex: 17    Spells: 4/12 levels left
                                        Lives:  0   Deaths: 2

rFire    . . .     SeeInvis +     - Unarmed
rCold    . . .     Gourm    .   (shield unavailable)
rNeg     . . .     Faith    .   (armour unavailable)
rPois    .         Spirit   .   (helmet unavailable)
rElec    .         Reflect  .   (cloak unavailable)
rCorr    .         Harm     .   (gloves unavailable)
MR       +....                  (boots unavailable)
Stlth    +++++++++.             (no amulet)
HPRegen  0.13/turn              e - +2 ring of protection
MPRegen  0.13/turn              b - ring of stealth

@: wreathed by umbra, quick
A: very small, no armour, no weapons or thrown items, stealth, claws 1, fangs 3,
see invisible, carnivore, speed 1, shaggy fur 2, slow metabolism 1, sharp paws
a: Shadow Step, Renounce Religion


You were on level 8 of the Dungeon.
You worshipped Dithmenos.
Dithmenos was pleased with you.
You were completely stuffed.

You visited 1 branch of the dungeon, and saw 8 of its levels.

You collected 394 gold pieces.
You spent 198 gold pieces at shops.

Inventory:

Missiles
 a - 85 arrows
Jewellery
 b - a ring of stealth (right paw)
 e - a +2 ring of protection (left paw)
 f - an uncursed ring of protection from fire
Wands
 m - a wand of random effects (14)
 r - a wand of acid (8)
Scrolls
 j - 2 scrolls of remove curse
 l - 4 scrolls of teleportation
 o - a scroll of blinking
 q - a scroll of holy word
 t - a scroll of brand weapon {unknown}
 u - a scroll of amnesia
 v - a scroll of magic mapping
Potions
 d - a potion of haste
 g - a potion of mutation
 h - 2 potions of brilliance
 k - 3 potions of agility
 n - 4 potions of curing
 p - a potion of berserk rage
Comestibles
 c - 15 rations
 i - 4 chunks of flesh


   Skills:
 - Level 6.0 Fighting
 - Level 7.0 Dodging
 - Level 13.0 Stealth
 + Level 6.6 Unarmed Combat
 - Level 2.0 Spellcasting
 - Level 2.1 Transmutations


You had 4 spell levels left.
You knew the following spells:

 Your Spells              Type           Power        Failure   Level  Hunger
a - Beastly Appendage     Tmut           #.....       10%         1    ##.....
b - Sticks to Snakes      Tmut           #.......     14%         2    ###....
c - Spider Form           Tmut/Pois      #.........   41%         3    ####...
d - Call Imp              Summ           #.......     34%         2    ###....

Your spell library contained the following spells:

 Spells                   Type           Power        Failure   Level  Hunger
 Summon Small Mammal      Summ           #...         24%         1    ##.....
 Summon Ice Beast         Ice/Summ       #.......     93%         4    #####..
 Blade Hands              Tmut           #.........   95%         5    ######.
 Ice Form                 Ice/Tmut       #.......     83%         4    #####..
 Call Canine Familiar     Summ           #.......     56%         3    ####...
 Summon Lightning Spire   Summ/Air       #.......     93%         4    #####..
 Summon Guardian Golem    Hex/Summ       #.......     56%         3    ####...


Dungeon Overview and Level Annotations

Branches:
Dungeon (8/15)             Temple (0/1) D:7
   Lair: D:8-11

Altars:
Cheibriados
Dithmenos
Nemelex Xobeh
Ru
Trog
Xom
Yredelemnul
Zin
Beogh

Shops:
D:5 [   D:8 ?

Annotations:
D:6 3 runed doors, Steeltoe's ghost, novice DsGl


Innate Abilities, Weirdness & Mutations

You cannot wear armour.
You are incapable of wielding weapons or throwing items.
Your paws allow you to move quietly. (Stealth)
You have sharp claws.
You have razor-sharp teeth.
You have supernaturally acute eyesight. (SInv)
You are carnivorous and can eat meat at any time.
You cover ground quickly.
You are covered in thick fur. (AC +2)
You have a slow metabolism.
Your sharp claws are effective at attacking unaware monsters.


Message History

Aiming: Random Effects
Press: ? - help, Shift-Dir - straight line, f/p - two-headed ogre
Aim: a two-headed ogre, wielding a dire flail and a giant club (lightly wounded, fast)
The bolt of poison hits the two-headed ogre.
The two-headed ogre is poisoned.
The two-headed ogre is moderately wounded.
The two-headed ogre looks more healthy.
You see here a tomahawk of returning.
You scratch the two-headed ogre.
The two-headed ogre is heavily wounded.
The two-headed ogre barely misses you. The two-headed ogre closely misses you.
You scratch the two-headed ogre.
The two-headed ogre is severely wounded.
The two-headed ogre hits you with a dire flail!
The two-headed ogre misses you.
You claw the two-headed ogre!
The two-headed ogre is almost dead.
The two-headed ogre closely misses you.
The two-headed ogre hits you with a giant club!!
You die...

#...#...## #(## ###.#.###
#..########## #...#
##........... ##.##
#.#######.#. #.# #.# #.#.
#.# ###########.##### #.#.
#.# #......)....[...###.#.
#.####[###.O.....).[.......
##.##......@####..###(#.#.#.
#....[....)<.......##.#.#.#(
#..#....########..........#.
#...[.[.# #.....#......
#.......# ###.#.##.#.####
#.).....######........#.#
#..#...).........#.####.#
#.>#.#########.###.## #.#
#..#.#### #.###..###.#


You could see a two-headed ogre.

Vanquished Creatures
  Prince Ribbit (D:7)
  A hippogriff (D:8)
  Sigmund (D:3)
  A steam dragon (D:8)
  Menkaure (D:7)
  A black bear (D:6)
  2 sky beasts (D:6)
  An ice beast (D:6)
  A phantom (D:7)
  3 ogres
  A centaur (D:5)
  4 bullfrogs
  A gnoll sergeant (D:7)
  2 scorpions (D:6)
  7 wights
  2 electric eels (D:6)
  A crimson imp (D:7)
  2 quasits
  2 bullfrog skeletons (D:6)
  2 jellies (D:7)
  A centaur skeleton (D:4)
  A hound (D:6)
  Crazy Yiuf (D:5)
  An iguana (D:4)
  An orc wizard (D:4)
  7 worker ants
  A killer bee zombie (D:8)
  A worker ant zombie (D:5)
  10 gnolls
  12 adders
  2 shadow imps (D:8)
  An ooze (D:1)
  An adder skeleton (D:6)
  6 worms
  2 dart slugs
  6 leopard geckos
  13 orcs
  7 bats
  3 giant cockroaches
  5 hobgoblins
  9 jackals
  3 kobolds
  7 quokkas
  2 ball pythons
  4 frilled lizards
  5 goblins
  A quokka skeleton (D:5)
  7 rats
157 creatures vanquished.

Vanquished Creatures (collateral kills)
  A bullfrog (D:6)
  A gnoll (D:3)
  An orc (D:4)
3 creatures vanquished.

Grand Total: 160 creatures vanquished

Notes
Turn   | Place    | Note
-------+----------+-------------------------------------------
     0 | D:1      | vegansnacktivist the Felid Transmuter began the quest for the Orb.
     0 | D:1      | Reached XP level 1. HP: 9/9 MP: 4/4
   136 | D:1      | Reached XP level 2. HP: 9/13 MP: 6/6
  1007 | D:1      | Reached XP level 3. HP: 17/17 MP: 7/7
  2085 | D:2      | Reached XP level 4. HP: 22/22 MP: 6/8
  2260 | D:2      | Found a shimmering altar of Xom.
  2260 | D:2      | Found a shimmering altar of Xom.
  2263 | D:2      | Found a shimmering altar of Xom.
  2297 | D:2      | You fall through a shaft!
  2356 | D:3      | Found a snail-covered altar of Cheibriados.
  2406 | D:3      | Noticed Sigmund
  2418 | D:3      | Killed Sigmund
  2418 | D:3      | Reached skill level 5 in Fighting
  2418 | D:3      | Reached XP level 5. HP: 27/27 MP: 9/9
  2896 | D:3      | Gained mutation: You are covered in thick fur. (AC +2) [Felid growth]
  2896 | D:3      | Reached XP level 6. HP: 16/31 MP: 10/10
  3122 | D:3      | HP: 2/46 [poisoned by an adder]
  3122 | D:3      | Slain by a gnoll
  3123 | D:3      | Reached XP level 5. HP: -1/40 MP: 9/9
  3129 | D:3      | Learned a level 2 spell: Sticks to Snakes
  3133 | D:3      | Learned a level 3 spell: Spider Form
  3136 | D:3      | Learned a level 2 spell: Call Imp
  3223 | D:3      | Found a sparkling altar of Nemelex Xobeh.
  4144 | D:4      | Found a shadowy altar of Dithmenos.
  4164 | D:4      | Became a worshipper of Dithmenos the Shadowed
  4310 | D:4      | Reached skill level 5 in Dodging
  4310 | D:4      | Reached XP level 6. HP: 17/31 MP: 10/10
  4731 | D:4      | Found a glowing silver altar of Zin.
  4819 | D:5      | Entered Level 5 of the Dungeon
  4819 | D:5      | Found Umahomuice's Antique Armour Shop.
  5370 | D:5      | Found a runed door.
  5496 | D:5      | Reached skill level 3 in Stealth
  5496 | D:5      | Reached XP level 7. HP: 21/34 MP: 11/11
  5647 | D:5      | Noticed Crazy Yiuf
  5652 | D:5      | Killed Crazy Yiuf
  5753 | D:6      | Reached skill level 4 in Stealth
  5778 | D:6      | Reached skill level 5 in Stealth
  5788 | D:6      | Reached skill level 6 in Stealth
  5812 | D:6      | Reached skill level 7 in Stealth
  5841 | D:6      | Reached * piety under Dithmenos
  5863 | D:6      | Noticed a moth of wrath
  5865 | D:6      | Found a bloodstained altar of Trog.
  6532 | D:6      | Reached skill level 8 in Stealth
  6532 | D:6      | Reached XP level 8. HP: 26/38 MP: 12/12
  6939 | D:6      | Reached skill level 9 in Stealth
  7072 | D:6      | Slain by an ice beast
  7073 | D:6      | Reached XP level 7. HP: -3/34 MP: 11/11
  7096 | D:6      | Reached skill level 10 in Stealth
  7215 | D:6      | Found a runed gate.
  7215 | D:6      | Found a runed gate.
  7215 | D:6      | Found a runed gate.
  7217 | D:6      | Noticed Steeltoe's ghost (novice DsGl)
  7607 | D:6      | Reached skill level 11 in Stealth
  7665 | D:6      | Reached XP level 8. HP: 34/38 MP: 7/12
  7761 | D:6      | Found a roughly hewn altar of Beogh.
  7843 | D:7      | Noticed Prince Ribbit
  7852 | D:7      | Found a staircase to the Ecumenical Temple.
  7875 | D:7      | Noticed Menkaure
  7894 | D:7      | Killed Menkaure
  7958 | D:7      | Found a sacrificial altar of Ru.
  7958 | D:7      | Found a basalt altar of Yredelemnul.
  7980 | D:7      | Reached skill level 12 in Stealth
  8781 | D:7      | Killed Prince Ribbit
  8781 | D:7      | Reached skill level 13 in Stealth
  8921 | D:7      | Reached ** piety under Dithmenos
  9193 | D:8      | Reached XP level 9. HP: 38/41 MP: 13/13
  9501 | D:8      | Reached skill level 5 in Unarmed Combat
  9515 | D:8      | Noticed a two-headed ogre
  9573 | D:8      | Found Jer Lap's Jewellery Shop.
 10174 | D:8      | Found Xosoesso's Magic Scroll Shoppe.
 10180 | D:8      | Bought a scroll of blinking for 90 gold pieces
 10180 | D:8      | Bought a scroll of amnesia for 42 gold pieces
 10180 | D:8      | Bought a scroll of magic mapping for 42 gold pieces
 10183 | D:8      | Bought a scroll of identify for 24 gold pieces
 10355 | D:8      | Slain by a two-headed ogre

Vault maps used:
D:1:      dpeg_arrival_pond, grunt_decor_fettered, bh_walls_and_bars
D:2:      xom_redecorated
D:3:      nemelex_xobeh_ov_fountains_minmay, cheibriados_altar_1, uniq_sigmund
D:4:      kennysheep_mini, nicolae_dithmenos_shadow_blocks, first_ration,
          minmay_tree_intersection
D:5:      kennysheep_spiral_hall, serial_shops, nicolae_shop_crystal,
          uniq_crazy_yiuf_cottage
D:6:      tgw_trog, biasface_ghost_orc_armoury, minivault_14
D:7:      chequers_temple_overflow_statue_of_worship,
          minmay_temple_entry_from_below_a, uniq_prince_ribbit1, uniq_menkaure
D:8:      led_sif_book, serial_shops, shop, shop

Skill      XL: |  1  2  3  4  5  6  7  8  9 |
---------------+----------------------------+-----
Fighting       | 2 3 5 6 |  6.0
Dodging        | 5 7 |  7.0
Stealth        | 3 11 13 | 13.0
Unarmed Combat | 4 6 |  6.6
Spellcasting   | |  2.0
Transmutations | |  2.1

Action                   |  1- 3 |  4- 6 |  7- 9 || total
-------------------------+-------+-------+-------++-------
Melee: Unarmed           |   117 |   272 |   324 ||   713
       Bite              |     7 |    28 |    23 ||    58
       Headbutt          |     2 |     4 |       ||     6
       Punch             |       |     4 |     4 ||     8
 Cast: Beastly Appendage |     3 |     9 |       ||    12
       Sticks to Snakes  |       |    10 |    21 ||    31
       Spider Form       |       |     1 |     1 ||     2
Evoke: Wand              |       |       |    23 ||    23
  Use: Scroll            |       |     7 |     4 ||    11
       Potion            |       |     7 |     2 ||     9
 Stab: Sleeping          |     4 |     7 |    37 ||    48
       Distracted        |       |       |     3 ||     3
       Confused          |       |       |     1 ||     1
  Eat: Chunk             |       |    23 |    18 ||    41
Armor: Skin              |     4 |    18 |    43 ||    65
Dodge: Dodged            |   131 |   230 |   279 ||   640

Table legend:
 A = Spawn XP
 B = Non-spawn XP
 C = Spawn XP percentage of total XP
 D = Spawn monster count
 E = Non-spawn monster count
 F = Spawn count percentage of total count
 G = Total turns spent on level
                    A         B        C        D         E        F      G
               +---------+---------+-------+---------+---------+-------+---------
         Total |       0 |    4600 |   0.0 |       0 |     160 |   0.0 | 10355
               +---------+---------+-------+---------+---------+-------+---------
           D:1 |       0 |      53 |   0.0 |       0 |      23 |   0.0 |  1329
           D:2 |       0 |      68 |   0.0 |       0 |      11 |   0.0 |   968
           D:3 |       0 |     331 |   0.0 |       0 |      27 |   0.0 |  1572
           D:4 |       0 |     242 |   0.0 |       0 |      14 |   0.0 |  1147
           D:5 |       0 |     339 |   0.0 |       0 |       7 |   0.0 |   893
           D:6 |       0 |    1465 |   0.0 |       0 |      31 |   0.0 |  2227
           D:7 |       0 |    1129 |   0.0 |       0 |      28 |   0.0 |  1633
           D:8 |       0 |     973 |   0.0 |       0 |      19 |   0.0 |   586
               +---------+---------+-------+---------+---------+-------+---------
